 Dungeon Crawl Stone Soup version 0.24-a0-459-g225fefd530 (webtiles) character file.

Game seed: 12217903772784632748

16 Azzok the Skirmisher (level 2, 0/23 HPs)
             Began as a Vampire Fighter on June 30, 2019.
             Slain by a hound (3 damage)
             ... on level 2 of the Dungeon.
             The game lasted 00:01:34 (831 turns).

Azzok the Skirmisher (Vampire Fighter)               Turns: 831, Time: 00:01:34

Health: 0/23       AC:  8    Str: 15    XL:     2   Next: 37%
Magic:  2/2        EV:  6    Int: 10    God:
Gold:   67         SH:  8    Dex: 13    Spells: 1/1 levels left

rFire    . . .     SeeInvis +   a - +0 war axe
rCold    . . .     Gourm    .   c - +0 shield
rNeg     . . .     Faith    .   b - +0 scale mail
rPois    .         Spirit   .   (no helmet)
rElec    .         Reflect  .   (no cloak)
rCorr    .         Harm     .   (no gloves)
MR       +....                  k - +1 pair of boots
Stlth    ..........             (no amulet)
HPRegen  0.27/turn              m - ring of protection from magic
MPRegen  0.08/turn              (no ring)

@: regenerating quickly
A: no food, fangs 3, see invisible, unbreathing
a: Exsanguinate


You were on level 2 of the Dungeon.
You were alive.

You visited 1 branch of the dungeon, and saw 2 of its levels.

You collected 67 gold pieces.

Inventory:

Hand Weapons
 a - a +0 war axe (weapon)
 j - a +0 club
Armour
 b - a +0 scale mail (worn)
 c - a +0 shield (worn)
 k - a +1 pair of boots (worn)
Jewellery
 m - a ring of protection from magic (left hand)
Scrolls
 e - 3 scrolls of remove curse {unknown}
 g - 2 scrolls of identify {unknown}
 h - 2 scrolls of teleportation {unknown}
 l - a scroll of immolation {unknown}
 n - a scroll of magic mapping {unknown}
Potions
 d - 2 potions of might
 f - a potion of curing {unknown}
 i - a potion of degeneration {unknown}
 o - a potion of haste {unknown}


   Skills:
 + Level 2.9 Fighting
 * Level 2.5 Axes
 - Level 2.4 Armour
 - Level 2.6 Shields


You had one spell level left.
You didn't know any spells.
Your spell library was empty.

Dungeon Overview and Level Annotations

Branches:
Dungeon (2/15)

Altars:


Innate Abilities, Weirdness & Mutations

You do not eat.
Your natural rate of healing is unusually fast.
You have razor-sharp teeth.
You have supernaturally acute eyesight. (SInv)
You can survive without breathing.


Message History

The hound is moderately wounded.
The hound bites you but does no damage. x2
The hound barely misses you. The hound bites you but does no damage.
You block the hound's attack. The hound bites you but does no damage.
You barely miss the hound.
The hound is moderately wounded.
The hound bites you but does no damage. The hound bites you.
* * * LOW HITPOINT WARNING * * *
You hit the hound. Your bite misses the hound.
The hound is severely wounded.
The hound barely misses you. You block the hound's attack.
You closely miss the hound.
The hound is severely wounded.
The hound bites you.
* * * LOW HITPOINT WARNING * * *
The hound bites you but does no damage. The hound bites you.
You die...

▒▒ ·▒ ·▒▒▒▒▒ ▒▒▒ ·····▒ ▒·▒▒
···▒·▒ ▒··· ▒·▒▒·▒▒▒▒▒ ▒·▒▒
·········▒ ▒▒▒▒▒▒▒▒·▒
▒·▒▒▒▒▒▒·▒▒▒▒▒▒▒▒▒▒▒▒▒▒········▒
············w··h@·†··▒▒········▒▒
▒······▒·▒▒▒▒▒▒▒▒▒▒▒·▒···········
▒······▒·▒ ···▒▒·▒·········▒▒
·······▒·▒ ▒▒▒▒▒▒·▒▒·▒···········
·········· ········▒·▒········▒▒▒
·········· ·····················>
·····▒···▒·▒▒▒▒·▒··▒·▒········▒▒▒
················▒··▒·▒·▒·▒▒▒▒▒···
··▒▒············▒··▒·▒·▒·▒▒····▒·


You could see a worm and a hound.

Vanquished Creatures
  A leopard gecko (D:2)
  2 bats
  A giant cockroach (D:2)
  3 goblins
  2 hobgoblins (D:1)
  A kobold (D:2)
  2 frilled lizards (D:1)
  A rat (D:2)
13 creatures vanquished.

Notes
Turn   | Place    | Note
-------+----------+-------------------------------------------
     0 | D:1      | Azzok the Vampire Fighter began the quest for the Orb.
     0 | D:1      | Reached XP level 1. HP: 17/17 MP: 1/1
   262 | D:1      | Reached XP level 2. HP: 23/23 MP: 2/2
   831 | D:2      | Slain by a hound

Levels and vault maps discovered:
D:1:      psy_arrival_statuary, layout_basic
D:2:      layout_basic, hangedman_abyss_or_decor_stabs, minmay_tree_intersection

Skill      XL: |  1 |
---------------+----+-----
Axes           | 2 |  2.5
Fighting       | |  2.9
Armour         | |  2.4
Shields        | |  2.6

Action                   || total
-------------------------++-------
Melee: War axe           ||    63
       Bite              ||     4
Armor: Scale mail        ||    41
Dodge: Dodged            ||    28
Block: Shield            ||    38

Table legend:
 A = Non-vault XP
 B = Vault XP
 C = Vault XP percentage of total XP
 D = Non-vault monster count
 E = Vault monster count
 F = Vault count percentage of total count
                 A         B        C        D         E       F
            +---------+---------+-------+---------+---------+-------
      Total |      23 |       0 |   0.0 |      13 |       0 |   0.0
            +---------+---------+-------+---------+---------+-------
        D:1 |      12 |       0 |   0.0 |       7 |       0 |   0.0
        D:2 |      11 |       0 |   0.0 |       6 |       0 |   0.0
            +---------+---------+-------+---------+---------+-------
